 Dungeon Crawl Stone Soup version 0.25-a0-435-g4b9beb1024 (webtiles) character file.

Game seed: 6984550511381424289, levelgen mode: deterministic

326 myronisch the Grave Robber (level 6, -7/41 HPs)
             Began as a Human Necromancer on Jan 26, 2020.
             Was an Initiate of Yredelemnul.
             Killed by divine providence
             ... invoked by an orc priest
              (15 damage)
             ... on level 5 of the Dungeon.
             The game lasted 00:26:32 (4330 turns).

myronisch the Grave Robber (Human Necromancer)      Turns: 4330, Time: 00:26:33

Health: -7/41      AC:  8    Str:  8    XL:     6   Next: 79%
Magic:  6/11       EV: 16    Int: 17    God:    Yredelemnul [......]
Gold:   163        SH:  0    Dex: 17    Spells: 10/12 levels left

rFire    . . .     SeeInvis .   e - +1 dagger (distort)
rCold    . . .     Gourm    .   (no shield)
rNeg     + . .     Faith    .   t - +0 ring mail
rPois    .         Spirit   .   (no helmet)
rElec    .         Reflect  .   (no cloak)
rCorr    .         Harm     .   v - +2 pair of gloves {Dex+3}
MR       .....                  (no boots)
Stlth    +.........             i - amulet of rage
HPRegen  0.13/turn              m - +5 ring of evasion
MPRegen  0.12/turn              x - ring of positive energy

@: no status effects
A: no striking features
a: Renounce Religion, Evoke Berserk Rage


You were on level 5 of the Dungeon.
You worshipped Yredelemnul.
Yredelemnul was noncommittal.
You were not hungry.

You visited 2 branches of the dungeon, and saw 6 of its levels.
You also visited: Sewer.

You collected 163 gold pieces.

Inventory:

Hand Weapons
 d - a +0 whip
 e - a +1 dagger of distortion (weapon)
Armour
 a - a +0 robe
 g - a +0 leather armour
 t - a +0 ring mail (worn)
 v - a +2 pair of gloves of dexterity (worn)
 y - a +0 large shield
Jewellery
 i - an amulet of rage (around neck)
 m - a +5 ring of evasion (left hand)
 x - a ring of positive energy (right hand)
Wands
 s - a wand of polymorph (8)
Scrolls
 b - 5 scrolls of remove curse {unknown}
 h - 6 scrolls of identify {unknown}
 j - 3 scrolls of amnesia {unknown}
 k - 2 scrolls of fog {unknown}
 l - 2 scrolls of random uselessness {unknown}
 q - a scroll of noise {unknown}
 u - a scroll of enchant weapon {unknown}
Potions
 c - a potion of degeneration {unknown}
 f - a potion of ambrosia {unknown}
 n - 3 potions of lignification {unknown}
 o - 2 potions of curing {unknown}
 p - a potion of might {unknown}
 w - a potion of invisibility {unknown}
 z - 2 potions of agility {unknown}
 A - a potion of heal wounds {unknown}
Comestibles
 r - 2 rations


   Skills:
 * Level 1.4 Short Blades
 + Level 0.1 Armour
 + Level 2.4 Dodging
 - Level 2.0 Stealth
 * Level 0.1 Shields
 * Level 3.8 Spellcasting
 * Level 6.1 Necromancy


You had 10 spell levels left.
You knew the following spells:

 Your Spells              Type           Power        Failure   Level  Hunger
a - Pain                  Necr           ###.         4%          1    None
b - Animate Skeleton      Necr           N/A          4%          1    None

Your spell library contained the following spells:

 Spells                   Type           Power        Failure   Level  Hunger
 Vampiric Draining        Necr           ###.......   12%         3    ###....
 Animate Dead             Necr           N/A          36%         4    ####...
 Freeze                   Ice            #...         45%         1    None
 Shock                    Conj/Air       #...         45%         1    None
 Swiftness                Chrm/Air       #.......     58%         2    ##.....
 Agony                    Necr           ###.....     73%         5    ######.
 Ozocubu's Armour         Chrm/Ice       #.......     83%         3    ###....
 Static Discharge         Conj/Air       #.......     83%         3    ###....
 Airstrike                Air            #.........   99%         4    ####...
 Hailstorm                Conj/Ice       #.......     99%         4    ####...
 Summon Ice Beast         Ice/Summ       #.......     99%         4    ####...
 Lightning Bolt           Conj/Air       #.........   100%        5    ######.


Dungeon Overview and Level Annotations

Branches:
Dungeon (5/15)             Temple (1/1) D:4           Sewer (visited)

Altars:
Hepliaklqana
Makhleb
Okawaru
Ru
Trog
Uskayaw
Wu Jian
Xom
Yredelemnul
The Shining One


Message History

Confirm with . or Enter, or press ? or * to list all spells.
Aiming: Pain (safe; 4% risk of failure)
Press: ? - help, Shift-Dir - straight line, f - orc
Aim: an orc, wielding a +0 dagger and wearing a +0 leather armour (chance to defeat MR: 93%)
The orc writhes in agony.
Casting: Pain (safe; 4% risk of failure)
Confirm with . or Enter, or press ? or * to list all spells.
Aiming: Pain (safe; 4% risk of failure)
Press: ? - help, Shift-Dir - straight line, f/p - orc
Aim: an orc, wielding a +0 dagger and wearing a +0 leather armour (severely wounded, chance to defeat MR: 93%)
The orc writhes in agony!
You kill the orc!
Yredelemnul accepts your kill.
The orc priest mumbles some strange prayers to Beogh against you.
Pain shoots through your body!
* * * LOW HITPOINT WARNING * * *
The orc priest mumbles some strange prayers to Beogh against you.
Beogh smites you!
You die...
Your body rises from the dead as a mindless zombie.

### ###.###
#..<(.# ###.
##.....#.....
#.......#
##.....## #
##....[# ##.
#@....##
..##.##.##
#.#.#######
#........?
##oo......
#..)####..
#........#
#.##..#.....
#. #........


You could see an orc priest and an orc wizard.

Vanquished Creatures
  Purgy (Sewer)
  A howler monkey (D:4)
  An orc priest (D:2)
  A worker ant (D:4)
  3 adders
  A river rat (D:3)
  An adder skeleton (D:4)
  A dart slug (D:1)
  3 leopard geckos
  5 orcs
  5 giant cockroaches
  5 goblins
  3 hobgoblins
  2 quokkas
  5 bats (D:1)
  6 frilled lizards
  5 kobolds
  7 rats
56 creatures vanquished.

Vanquished Creatures (collateral kills)
  A worm (D:3)
  A goblin (D:2)
  2 hobgoblins (D:1)
4 creatures vanquished.

Vanquished Creatures (others)
  A phantom (D:4)
  A giant cockroach (D:1)
2 creatures vanquished.

Grand Total: 62 creatures vanquished

Notes
Turn   | Place    | Note
-------+----------+-------------------------------------------
     0 | D:1      | myronisch the Human Necromancer began the quest for the
                  | Orb.
     0 | D:1      | Reached XP level 1. HP: 13/13 MP: 3/3
   148 | D:1      | Learned a level 1 spell: Animate Skeleton
   237 | D:1      | Reached XP level 2. HP: 5/19 MP: 0/5
  1061 | D:2      | Reached XP level 3. HP: 22/24 MP: 3/6
  1119 | D:2      | Reached XP level 4. HP: 25/30 MP: 1/7
  1248 | D:2      | Found a hide-covered altar of Uskayaw.
  1251 | D:2      | Noticed a +0 hand axe
  1251 | D:2      | Noticed a +0 hand axe
  1751 | D:1      | Reached skill level 5 in Necromancy
  2673 | D:3      | Reached XP level 5. HP: 20/35 MP: 1/9
  2846 | D:3      | Found a glowing drain.
  2851 | Sewer    | Entered a sewer
  2892 | Sewer    | Noticed Purgy
  2910 | Sewer    | Killed Purgy
  2910 | Sewer    | Reached skill level 1 in Short Blades
  2910 | Sewer    | Reached XP level 6. HP: 16/41 MP: 1/11
  3284 | D:4      | Noticed a phantom
  3834 | D:4      | Reached skill level 6 in Necromancy
  3897 | D:4      | Found a staircase to the Ecumenical Temple.
  3920 | Temple   | Entered the Ecumenical Temple
  4013 | Temple   | Became a worshipper of Yredelemnul the Dark
  4224 | D:4      | Banished a phantom
  4304 | D:5      | Entered Level 5 of the Dungeon
  4330 | D:5      | Killed from afar by an orc priest

Levels and vault maps discovered:
D:1:      dpeg_arrival_another_circle, layout_basic
D:2:      layout_basic, dancing_weapons_uskayaw, kennysheep_vampire_church
D:3:      layout_rooms, tgw_sif, nicolae_gozag_cash_rules_everything_around_me,
          gup_sewer_entry_bowl
D:4:      layout_rooms, minmay_temple_entry_poolview
D:5:      layout_loops_cross, fedhas_ov_isle_minmay,
          lemuel_coloured_pillars_altar, vehumet_altar_wand_db, first_ration
Temple:   jpeg_temple_island

Skill      XL: |  1  2  3  4  5  6 |
---------------+-------------------+-----
Necromancy     | 5 6 |  6.1
Short Blades   | 1 |  1.4
Spellcasting   | 3 |  3.8
Armour         | |  0.1
Dodging        | |  2.4
Stealth        | |  2.0
Shields        | |  0.1

Action                   |  1- 3 |  4- 6 || total
-------------------------+-------+-------++-------
Melee: Dagger            |     7 |    53 ||    60
 Cast: Pain              |    34 |    95 ||   129
       Animate Skeleton  |     3 |     7 ||    10
 Stab: Distracted        |       |     1 ||     1
  Eat: Ration            |     1 |     2 ||     3
       Chunk             |       |     2 ||     2
Armor: Leather armour    |     2 |     1 ||     3
       Ring mail         |       |    22 ||    22
Dodge: Dodged            |    21 |    69 ||    90

Table legend:
 A = Non-vault XP
 B = Vault XP
 C = Vault XP percentage of total XP
 D = Non-vault monster count
 E = Vault monster count
 F = Vault count percentage of total count
                 A         B        C        D         E       F
            +---------+---------+-------+---------+---------+-------
      Total |     300 |     167 |  35.8 |      52 |      10 |  16.1
            +---------+---------+-------+---------+---------+-------
        D:1 |      37 |       0 |   0.0 |      23 |       0 |   0.0
        D:2 |      60 |       0 |   0.0 |      11 |       0 |   0.0
        D:3 |      42 |      21 |  33.3 |      11 |       4 |  26.7
        D:4 |     155 |       0 |   0.0 |       5 |       0 |   0.0
        D:5 |       6 |       0 |   0.0 |       2 |       0 |   0.0
      Sewer |       0 |     146 | 100.0 |       0 |       6 | 100.0
            +---------+---------+-------+---------+---------+-------
